Match 44402919
Unlisted

Match 44402919
End
Scout Squad
Construct Barracks
1⁄4-ton 4x4 Truck
Selects Armored Battlegroup
Selects Veteran Crews
Riflemen Squad
Riflemen Squad
Engineer Squad
Infantry Support Center
Scout Squad
Grenade Package
Riflemen Squad
Construct Motor Pool
M8 Greyhound Armored Car
Selects Strength in Steel
Construct Medical Station
M1 Mortar Team
Selects Seek and Destroy
ZyAcroQC
Samuel Bronkowitz
0
0

Comments sign in to comment!

No comments posted yet!